 Seeded DCSS version 0.30-a0-341-g682706514a (webtiles) character file.

Game seed: 4153094637487740589 (custom seed)

1582 purpskrrrp the Skirmisher (level 9, -1/47 HPs)
             Began as a Meteoran Hunter on Nov 5, 2022.
             Slain by a vampire mosquito (7 damage)
             ... on level 6 of the Dungeon.
             The game lasted 00:14:16 (3526 turns).

purpskrrrp the Skirmisher (Meteoran Hunter)         Turns: 3526, Time: 00:14:16

Health: -1/47      AC:  8    Str: 13    XL:     9   Next: 36%
Magic:  10/10      EV: 12    Int: 17    God:
Gold:   280        SH:  0    Dex: 20    Spells: 8/8 levels left

rFire   . . .      SeeInvis .    e - +5 sling "Huewao" {elec, rCorr Int+6 Dex-2 Stlth+}
rCold   . . .      Faith    .    (no shield)
rNeg    . . .      Spirit   .    c - +0 leather armour
rPois   .          Reflect  .    n - +0 helmet
rElec   .          Harm     .    g - +0 cloak
rCorr   +          Rampage  .    (no gloves)
Will    ++...                    m - +0 pair of boots
Stlth   +.........               (no amulet)
HPRegen 0.27/turn                w - ring of willpower
MPRegen 0.12/turn                (no ring)

@: lethally poisoned (-1 -> -3), glowing, unable to read
A: sense surroundings 2, otherworldly, glowing, explore regen, iridescent scales
1, inability to read after injury 1
a: no special abilities


You were on level 6 of the Dungeon.
You visited 1 branch of the dungeon, and saw 6 of its levels.

You collected 280 gold pieces.

Inventory:

Hand Weapons
 a - a +0 shortbow
 e - the +5 sling "Huewao" (weapon) {elec, rCorr Int+6 Dex-2 Stlth+}
   (You found it on level 2 of the Dungeon)

   Any ammunition fired from it occasionally discharges a powerful burst of
   electricity upon striking a foe.
   Int:       It affects your intelligence (+6).
   Dex:       It affects your dexterity (-2).
   rCorr:     It protects you from acid and corrosion.
   Stlth:     It makes you more stealthy.
Armour
 c - a +0 leather armour (worn)
 f - a +0 tower shield
 g - a +0 cloak (worn)
 m - a +0 pair of boots (worn)
 n - a +0 helmet (worn)
Jewellery
 w - a ring of willpower (left hand)
 A - a +4 ring of evasion
Wands
 x - a wand of flame (29)
 z - a wand of charming (12)
Scrolls
 b - 2 scrolls of immolation
 d - 4 scrolls of vulnerability
 u - 2 scrolls of fear
 y - a scroll of enchant armour {unknown}
Potions
 h - a potion of magic
 i - 2 potions of might
 j - a potion of heal wounds
 k - 6 potions of curing
 l - 3 potions of degeneration {unknown}
 o - a potion of ambrosia
 q - a potion of flight
 r - 5 potions of lignification
 s - a potion of attraction {unknown}
 t - a potion of invisibility {unknown}
 v - a potion of brilliance {unknown}


   Skills:
 - Level 2.1 Fighting
 + Level 12.6 Ranged Weapons
 - Level 2.4 Dodging
 - Level 0.6 Stealth


You had 8 spell levels left.
You didn't know any spells.
Your spell library contained the following spells:

 Spells                   Type           Power      Damage    Failure   Level
 Blink                    Tloc           0%         N/A       41%         2
 Cigotuvi's Dreadful Rot  Necr/Pois/Air  0%         N/A       41%         2
 Ensorcelled Hibernation  Hex/Ice        0%         N/A       41%         2
 Momentum Strike          Conj/Tloc      0%         3d8       41%         2
 Passwall                 Tmut/Erth      0%         N/A       41%         2
 Poisonous Vapours        Pois/Air       0%         N/A       41%         2
 Lesser Beckoning         Tloc           0%         N/A       65%         3
 Mephitic Cloud           Conj/Pois/Air  0%         N/A       65%         3
 Spider Form              Tmut/Pois      0%         N/A       65%         3
 Swiftness                Air            0%         N/A       65%         3
 Anguish                  Hex/Necr       0%         N/A       96%         4
 Malign Gateway           Summ/Tloc      0%         N/A       100%        7
 Summon Horrible Things   Summ           0%         N/A       100%        8


Dungeon Overview and Level Annotations

Branches:
Dungeon (6/15) Zot: 472
 Temple: D:4-7

Altars:
Fedhas

Shops:
D:4 [

Annotations:
D:6 1 runed translucent door


Innate Abilities, Weirdness & Mutations

You passively map the area around you.
You are easily found by Zot.
You glow in the dark.
You regain HP and MP as you explore.
You are partially covered in iridescent scales. (AC +2)
You occasionally lose the ability to read scrolls when taking damage.


Message History

You shoot a sling bullet. The sling bullet hits the killer bee!
You kill the killer bee!
You feel sick.
The vampire mosquito bites you but does no damage.
Fire: e) +5 sling "Huewao" {elec, rCorr Int+6 Dex-2 Stlth+}
Press: ? - help, Q - select action, (/) - cycle Shift-Dir - straight line, f - vampire mosquito
Aim: a vampire mosquito (58% to hit)
You shoot a sling bullet.
The sling bullet hits the vampire mosquito!
The vampire mosquito is moderately damaged.
You feel sick. The vampire mosquito misses you. The vampire mosquito bites you.
The vampire mosquito draws strength from your injuries!
Fire: e) +5 sling "Huewao" {elec, rCorr Int+6 Dex-2 Stlth+}
Press: ? - help, Q - select action, (/) - cycle Shift-Dir - straight line, f/p - vampire mosquito
Aim: a vampire mosquito (moderately damaged, 58% to hit)
You shoot a sling bullet.
The sling bullet barely misses the vampire mosquito.
You feel sick. The vampire mosquito bites you!
You feel threatened and lose the ability to read scrolls!
* * * LOW HITPOINT WARNING * * *
The vampire mosquito draws strength from your injuries!
Fire: e) +5 sling "Huewao" {elec, rCorr Int+6 Dex-2 Stlth+}
Press: ? - help, Q - select action, (/) - cycle Shift-Dir - straight line, f/p - vampire mosquito
Aim: a vampire mosquito (58% to hit)
You shoot a sling bullet.
The sling bullet hits the vampire mosquito.
The vampire mosquito is lightly damaged.
You feel sick.
The vampire mosquito bites you but does no damage. x2
Fire: e) +5 sling "Huewao" {elec, rCorr Int+6 Dex-2 Stlth+}
Press: ? - help, Q - select action, (/) - cycle Shift-Dir - straight line, f/p - vampire mosquito
Aim: a vampire mosquito (lightly damaged, 58% to hit)
You shoot a sling bullet.
The sling bullet hits the vampire mosquito.
The vampire mosquito is moderately damaged.
You feel sick. The vampire mosquito bites you.
* * * LOW HITPOINT WARNING * * *
The vampire mosquito draws strength from your injuries!
The vampire mosquito bites you!
You die...

.......#.#.........#.# #.#.....
########.#........##.# #.#.....
#.............# #.#.....
########+########.## #.......
#........§§§☼§☼☼#.# #.######
#......?..§☼§§§§#.######.######
#....#######§§§§#.............#
#..,,#.sBBs#☼y§§#.......≈≈≈≈≈..
#.. +.§ssss§.@§##.....####≈≈≈≈
...,#.s☼sB#§☼§§##...##.#.###≈≈
....#######§§☼§##..≈≈##..#.#≈≈
.........§☼§§☼§##..≈≈#.....#≈≈
........§§§§§☼☼##.≈≈≈#####.#≈≈
**#######§#########.≈≈≈≈≈≈≈#.###
......§......# #.≈≈≈≈≈≈≈#.... *
############'####.≈≈≈≈≈≈≈#.### *
+* ***#..........#.≈≈≈≈≈###.#≈≈


You could see a vampire mosquito, 8 scorpions and 3 giant cockroaches.

Vanquished Creatures
  Grinder (D:4)
  2 ice beasts
  3 ogres
  A centaur (D:4)
  A necrophage (D:4)
  3 scorpions
  A killer bee (D:6)
  A jelly (D:4)
  A hound (D:6)
  2 orc priests
  Jessica (D:2)
  5 iguanas
  3 orc wizards
  Robin (D:2)
  10 adders
  5 gnolls
  A white imp (D:5)
  3 dart slugs
  15 orcs
  8 ball pythons
  6 endoplasms
  3 giant cockroaches
  12 goblins
  6 hobgoblins
  4 jackals (D:3)
  2 kobolds
  5 quokkas
  5 bats
  4 rats (D:2)
  A butterfly (D:6)
116 creatures vanquished.

Notes
Turn   | Place    | Note
-------+----------+-------------------------------------------
     0 | D:1      | purpskrrrp the Meteoran Hunter began the quest for the Orb.
     0 | D:1      | Reached XP level 1. HP: 17/17 MP: 2/2
   398 | D:1      | Reached XP level 2. HP: 24/24 MP: 3/3
   496 | D:1      | Glimpsed the power of Zot.
   546 | D:1      | Glimpsed the power of Zot.
   586 | D:1      | Glimpsed the power of Zot.
   596 | D:1      | Touched by the power of Zot.
   626 | D:2      | Found a blossoming altar of Fedhas.
   660 | D:2      | Reached skill level 5 in Ranged Weapons
   663 | D:2      | Gained mutation: You occasionally lose the ability to read
                  | scrolls when taking damage. [potion of mutation]
   663 | D:2      | Gained mutation: You are partially covered in iridescent
                  | scales. (AC +2) [potion of mutation]
   666 | D:2      | Reached XP level 3. HP: 4/22 MP: 4/4
   696 | D:2      | Identified the +5 sling "Huewao" {elec, rCorr Int+6 Dex-2
                  | Stlth+}
   803 | D:2      | Reached XP level 4. HP: 28/28 MP: 5/5
   805 | D:2      | Noticed Robin
   820 | D:2      | Killed Robin
   821 | D:2      | Reached skill level 6 in Ranged Weapons
   867 | D:2      | Reached XP level 5. HP: 34/34 MP: 6/6
   876 | D:2      | Noticed Jessica
   877 | D:2      | Killed Jessica
  1263 | D:3      | Reached skill level 7 in Ranged Weapons
  1278 | D:3      | Reached XP level 6. HP: 11/40 MP: 7/7
  1708 | D:4      | Noticed a centaur
  1711 | D:4      | Killed a centaur
  1716 | D:4      | Reached skill level 8 in Ranged Weapons
  1890 | D:4      | Noticed Grinder
  1891 | D:4      | Paralysed by Grinder for 5 turns
  1905 | D:4      | Killed Grinder
  1906 | D:4      | Reached skill level 9 in Ranged Weapons
  1906 | D:4      | Reached XP level 7. HP: 23/47 MP: 8/8
  2064 | D:4      | Found Peshacwi's Antique Armour Shop.
  2134 | D:4      | Reached XP level 8. HP: 53/53 MP: 9/9
  2481 | D:4      | Glimpsed the power of Zot.
  2531 | D:4      | Glimpsed the power of Zot.
  2572 | D:4      | Glimpsed the power of Zot.
  2582 | D:4      | Touched by the power of Zot.
  2600 | D:5      | Entered Level 5 of the Dungeon
  2654 | D:5      | Reached skill level 10 in Ranged Weapons
  2754 | D:5      | Reached skill level 11 in Ranged Weapons
  2860 | D:5      | Gained mutation: You passively map the area around you.
                  | [Meteoran growth]
  2860 | D:5      | Reached XP level 9. HP: 40/47 MP: 10/10
  3212 | D:6      | Reached skill level 12 in Ranged Weapons
  3487 | D:6      | Found a runed translucent door.
  3489 | D:6      | Found a runed translucent door.
  3526 | D:6      | Slain by a vampire mosquito

Illustrated notes

Levels and vault maps discovered:
D:1:      minmay_arrival_wavy_path, layout_loops_ring,
          nicolae_kite_square_tiling_tiny
D:2:      layout_rooms, basic_altar, uniq_robin, uniq_jessica
D:3:      layout_loops_cross
D:4:      layout_gridville, serial_shops, shop, minmay_vboxes, uniq_grinder
D:5:      layout_basic, kennysheep_generic_room_2
D:6:      lemuel_insect_pit, layout_basic, lemuel_round_altar,
          grunt_decor_junction

Skill      XL: |  1  2  3  4  5  6  7  8  9 |
---------------+----------------------------+-----
Ranged Weapons | 5 6 7 9 11 12 | 12.6
Fighting       | |  2.1
Dodging        | |  2.4
Stealth        | |  0.6

Action                   |  1- 3 |  4- 6 |  7- 9 || total
-------------------------+-------+-------+-------++-------
 Fire: Shortbow          |    27 |       |       ||    27
       Sling             |    17 |   110 |   154 ||   281
  Use: Scroll            |     2 |    12 |     5 ||    19
       Potion            |     2 |     1 |     1 ||     4
Armor: Leather armour    |     8 |    32 |    19 ||    59
Dodge: Dodged            |    16 |    39 |    23 ||    78

Table legend: (Time is in decaauts)
 A = Elapsed time spent in this place.
 B = Non-inter-level travel time spent in this place.
 C = Inter-level travel time spent in this place.
 D = Time resting spent in this place.
 E = Time spent auto-exploring this place.
 F = Levels seen in this place.
 G = Mean time per level.
                   A        B        C        D        E       F      G
               +--------+--------+--------+--------+--------+-----+--------+
         Total |   3527 |   3420 |    107 |    101 |   2594 |   6 |  587.8 |
       Dungeon |   3527 |   3420 |    107 |    101 |   2594 |   6 |  587.8 |
               +--------+--------+--------+--------+--------+-----+--------+

Top non-repeatable levels by time:
     D:4: 865 daAuts
     D:3: 648 daAuts
     D:1: 622 daAuts
     D:2: 482 daAuts
     D:6: 455 daAuts
     D:5: 453 daAuts
